Map: Divergence LE

Players

Massa

  • Race: Terran Terran
  • Spawn Location: 11:00

qqq

  • Race: Protoss Protoss
  • Spawn Location: 11:00

IIIIIIIIIIII - Winner!

  • Race: Protoss Protoss
  • League: Gold
  • Spawn Location: 5:00

xam - Winner!

  • Race: Protoss Protoss
  • League: Diamond
  • Spawn Location: 5:00

VOD

Have the link to the VOD?

Description

Time

  • Played on: June 12, 2020, 6:55 a.m.
  • Length: 6:09
Show
View Real Time Build Order
Export as new Build Order

Massa Terran 

Build Orders:  

Get SALT Encoding   

  12  0:07  SCV  
  13  0:15  Supply Depot  
  13  0:19  SCV  
  14  0:36  SCV  
  14  0:39  Barracks  
  15  0:48  SCV  
  16  1:00  SCV  
  17  1:16  Command Center  
  17  1:17  SCV  
  18  1:26  Marine  
  19  1:40  Supply Depot  
  19  1:43  Refinery  
  19  1:44  Marine  
  19  1:46  Refinery, SCV  
  21  1:58  SCV  
  22  2:10  SCV  
  23  2:20  Marine  
  23  2:22  SCV  
  25  2:37  Orbital Command  
  25  2:38  Marine  
  25  2:43  Factory  
  26  3:13  SCV, Barracks Tech Lab  
  27  3:25  SCV  
  28  3:37  SCV  
  29  3:46  Marine  
  27  3:49  SCV  
  27  3:54  Factory Tech Lab  
  28  4:01  SCV  
  30  4:04  Marine  
  29  4:17  Barracks  
  29  4:22  Barracks, Marauder  
  31  4:25  Siege Tank  
  34  4:34  Barracks  
  34  4:44  Marauder  
  32  5:05  Marauder  
  33  5:12  Siege Tank  
  33  5:20  Barracks Tech Lab  
  33  5:23  Barracks Reactor  
  33  5:26  Marauder  
  33  5:28  Marine  
  35  5:33  Barracks  
  36  5:36  Factory  
  36  5:40  Marauder  
  34  5:46  Marine, Supply Depot x2  
  32  5:55  Barracks  
Show
View Real Time Build Order
Export as new Build Order

qqq Protoss 

Build Orders: Phoenix Opening 

Get SALT Encoding   

  12  0:01  Probe  
  13  0:14  Pylon  
  13  0:24  Probe  
  14  0:33  Gateway  
  14  0:40  Probe  
  15  0:52  Probe  
  16  1:04  Probe, Assimilator  
  18  1:18  Probe  
  18  1:22  Pylon  
  18  1:30  Probe  
  19  1:35  Assimilator  
  19  1:42  Probe, Cybernetics Core  
  19  1:45  Pylon  
  20  2:14  Assimilator  
  20  2:25  Nexus  
  20  2:34  Probe  
  20  2:46  Probe  
  20  2:49  Forge  
  21  2:56  Stargate  
  21  2:58  Probe  
  22  3:10  Probe  
  23  3:23  Stargate  
  23  3:40  Phoenix  
  23  3:47  Probe  
  26  3:51  Photon Cannon  
  26  3:56  Photon Cannon, Phoenix  
  28  4:16  Pylon  
  28  4:21  Shield Battery  
  27  4:54  Phoenix x2  
  30  5:19  Phoenix  
  30  5:21  Stalker  
  32  5:26  Pylon  
  32  5:30  Pylon  
  32  5:32  Pylon  
  32  5:40  Photon Cannon  
Show
View Real Time Build Order
Export as new Build Order

IIIIIIIIIIII Protoss - Winner!

Build Orders:  

Get SALT Encoding   

  1  0:00  Probe  
  13  0:07  Probe  
  14  0:20  Pylon  
  14  0:22  Probe  
  15  0:38  Probe  
  15  0:42  Gateway  
  16  0:51  Assimilator  
  16  0:55  Assimilator  
  16  1:02  Gateway  
  16  1:17  Probe  
  17  1:26  Zealot  
  17  1:29  Cybernetics Core  
  19  1:47  Probe  
  20  2:00  Probe  
  18  2:01  Stalker  
  21  2:02  Gateway  
  23  2:20  Warp Gate  
  23  2:35  Pylon  
  23  2:53  Probe, Stalker  
  23  2:55  Robotics Facility  
  26  2:58  Pylon  
  26  3:05  Probe  
  27  3:17  Probe  
  28  3:23  Stalker x2  
  28  3:25  Stalker  
  34  3:29  Probe  
  35  3:43  Immortal  
  39  3:51  Pylon  
  39  4:21  Stalker x3  
  39  4:54  Warp Prism  
  39  4:55  Stalker x3  
  45  5:04  Pylon  
  47  5:26  Immortal  
  47  6:03  Stalker x3  
Show
View Real Time Build Order
Export as new Build Order

xam Protoss - Winner!

Build Orders:  

Get SALT Encoding   

  12  0:01  Probe  
  13  0:10  Probe  
  14  0:28  Probe  
  14  0:32  Pylon  
  15  0:43  Assimilator  
  15  0:50  Probe, Gateway  
  16  1:02  Probe  
  17  1:14  Probe  
  17  1:17  Gateway  
  18  1:26  Probe  
  19  1:38  Probe, Cybernetics Core  
  19  1:39  Pylon  
  21  1:56  Warp Gate  
  20  2:12  Gateway  
  20  2:15  Stalker x2  
  24  2:26  Probe  
  25  2:40  Probe  
  26  2:52  Probe  
  26  2:54  Assimilator  
  27  3:11  Pylon  
  27  3:19  Pylon  
  27  3:34  Pylon  
  26  3:55  Stalker x3  
  30  3:57  Probe  
  33  4:10  Probe  
  34  4:23  Probe  
  35  4:26  Nexus  
  35  4:31  Gateway  
  35  4:35  Stalker x2  
  39  4:39  Pylon  
  35  5:16  Stalker x3  
  35  5:18  Probe  
  42  5:22  Pylon  
  42  5:25  Pylon  
  42  5:26  Stalker  
  44  5:30  Probe  
  45  5:56  Stalker x4  
  53  5:57  Probe  
Tags
 
Add a new tag
Caveats
  • Supply blocks, unpowered buildings, or Contaminate may cause inaccurate times.
  • Supply counts are checked every 10 seconds.